 Dungeon Crawl Stone Soup version 0.30.0-20-g3615ddf2f0 (webtiles) character file.

Game seed: 11177209802142673248

36 qw the Chopper (level 3, -1/23 HPs)
             Began as a Gargoyle Fighter on May 28, 2023.
             Slain by a worm (4 damage)
             ... on level 3 of the Dungeon.
             The game lasted 00:00:23 (1036 turns).

qw the Chopper (Gargoyle Fighter)                   Turns: 1036, Time: 00:00:24

Health: -1/23      AC: 12    Str: 21    XL:     3   Next: 37%
Magic:  3/3        EV:  7    Int:  8    God:
Gold:   16         SH:  4    Dex:  9    Spells: 2/2 levels left

rFire   . . .        Y - +0 war axe
rCold   . . .        c - +0 buckler
rNeg    + . .        g - +0 chain mail
rPois   inf          (no helmet)
rElec   +            (no cloak)
rCorr   .            (no gloves)
SInv    .            (no boots)
Will    .....        (no amulet) Stlth
                     (no ring)
HPRegen 0.23/turn    (no ring)
MPRegen 0.08/turn

%: no passive effects
@: no status effects
A: sickness immunity, AC +3, negative energy resistance 1, electricity
resistance, torment resistance 1, petrification resistance
a: no special abilities


You were on level 3 of the Dungeon.
You visited 1 branch of the dungeon, and saw 3 of its levels.

You collected 16 gold pieces.


Innate Abilities, Weirdness & Mutations

You are immune to sickness and miasma.
Your stone body is resilient. (AC +3)
You are immune to poison.
You resist negative energy. (rN+)
You are resistant to electric shocks. (rElec)
You are resistant to unholy torment.
You are immune to petrification.


   Skills:
 - Level 3.2 Fighting
 + Level 3.3 Axes
 - Level 3.2 Armour
 - Level 3.2 Shields


You had 2 spell levels left.
You didn't know any spells.
Your spell library was empty.

Inventory:

Hand Weapons
 h - a +0 mace
 Y - a +0 war axe (weapon)
Armour
 c - a +0 buckler (worn)
 g - a +0 chain mail (worn)
Potions
 d - a potion of might
 e - a potion of degeneration {unknown}
 i - a potion of mutation {unknown}
 j - a potion of flight {unknown}

Dungeon Overview and Level Annotations

Branches:
Dungeon (2/15)

Altars:


Message History

You kill the goblin!
You closely miss the orc. You block the orc's attack.
You closely miss the orc. The orc hits you but does no damage.
You block the orc's attack.
You closely miss the orc. You hit the orc. You closely miss the orc.
You block the orc's attack. The orc hits you but does no damage. x3
You barely miss the orc.
The orc is heavily wounded.
You hit the orc. You barely miss the orc. You block the orc's attack.
The orc hits you but does no damage. The orc hits you with a +0 mace.
The orc hits you but does no damage.
You barely miss the orc.
The orc is heavily wounded.
You hit the orc but do no damage. You slash the orc!
You kill the orc!
The orc hits you with a +0 mace. You block the orc's attack.
The orc hits you but does no damage. The orc hits you with a +0 mace.
The orc hits you but does no damage.
The orc hits you from afar with a +0 trident.
You slash the orc!
You kill the orc!
You slash the orc!
You kill the orc!
The orc hits you but does no damage.
A worm comes into view.
Found a stone staircase leading up.
The orc barely misses you.
An orc comes into view. It is wielding a +0 club.
Things that are here:
a +0 mace; a +0 club; an orc corpse The orc shouts!
You slash the orc!
You kill the orc!
You slash the orc!
You kill the orc!
You slash the worm!
The worm is heavily wounded.
The worm bites you.
You die...

#. ######.
.#.#.#
....# #...#
#...# #...#
#.).# #@).#
#.w.#
#.!....
........<
.########..
.. o g. ...


You could see a worm.

Vanquished Creatures
  A worm (D:2)
  6 orcs (D:3)
  4 ball pythons (D:1)
  3 bats (D:1)
  2 giant cockroaches (D:1)
  2 goblins
  2 hobgoblins (D:1)
  3 kobolds
  2 rats (D:1)
25 creatures vanquished.

Notes
Turn   | Place    | Note
-------+----------+-------------------------------------------
     0 | D:1      | qw the Gargoyle Fighter began the quest for the Orb.
     0 | D:1      | Reached XP level 1. HP: 14/14 MP: 1/1
     0 | D:1      | 0 ||| qw: Version: 0.2-a-100-g4e38944
     0 | D:1      | 0 ||| qw: Game counter: 231
     0 | D:1      | 0 ||| qw: Always use a shield: true
     0 | D:1      | 0 ||| qw: God list: Okawaru
     0 | D:1      | 0 ||| qw: Allow faded altars: false
     0 | D:1      | 0 ||| qw: Do Orc after D:15 true
     0 | D:1      | 0 ||| qw: Do second Lair branch before Depths: true
     0 | D:1      | 0 ||| qw: Lair rune preference: random
     0 | D:1      | 0 ||| qw: Plans: Normal, Zot:1-4, God:TSO, Crypt, Tomb,
                  | Pan, Slime:5, Hells, Abyss, Win
     0 | D:1      | 0 ||| PLANNING D:1-11
   170 | D:1      | 170 ||| DROPPING +0 club.
   312 | D:1      | Reached XP level 2. HP: 16/19 MP: 2/2
   428 | D:1      | 428 ||| FLEEEEING.
   429 | D:1      | 429 ||| FLEEEEING.
   430 | D:1      | 430 ||| FLEEEEING.
   950 | D:1      | 950 ||| UPGRADING to +0 chain mail.
   960 | D:1      | 960 ||| DROPPING +0 scale mail.
   961 | D:1      | 961 ||| READING scroll labelled YHIUTE BEKKEO.
   962 | D:1      | 962 ||| READING scroll labelled WEMIEXKE JAWEE.
  1001 | D:2      | Reached skill level 3 in Axes
  1013 | D:2      | You fall into a shaft and drop 1 floor!
  1015 | D:3      | 1015 ||| Stepping ~*~*~tactically~*~*~ (stealth).
  1023 | D:3      | Reached XP level 3. HP: 15/23 MP: 3/3
  1028 | D:3      | HP: 1/23 [orc/+0 trident (6)]
  1036 | D:3      | Slain by a worm

Levels and vault maps discovered:
D:1:      dpeg_arrival_tiny_k, layout_loops_corners
D:2:      layout_basic, hellmonk_ecumenical_altar_prayer_group, basic_altar,
          minmay_misc_feat_rows, serial_park_tiny_1, minmay_misc_feat_roman
D:3:      minmay_inner_zag, layout_basic, grunt_ministairs_7

Skill      XL: |  1  2 |
---------------+-------+-----
Axes           | 2 3 |  3.3
Fighting       | |  3.2
Armour         | |  3.2
Shields        | |  3.2

Action                     || total
---------------------------++-------
  Melee: War axe           ||    58
    Use: Scroll            ||     2
 Armour: Scale mail        ||    21
         Chain mail        ||    12
  Dodge: Dodged            ||    25
  Block: Buckler           ||    13

Table legend:
 A = Non-vault XP
 B = Vault XP
 C = Vault XP percentage of total XP
 D = Non-vault monster count
 E = Vault monster count
 F = Vault count percentage of total count
                 A         B        C        D         E       F
            +---------+---------+-------+---------+---------+-------
      Total |      52 |       0 |   0.0 |      25 |       0 |   0.0
            +---------+---------+-------+---------+---------+-------
        D:1 |      26 |       0 |   0.0 |      16 |       0 |   0.0
        D:2 |       6 |       0 |   0.0 |       2 |       0 |   0.0
        D:3 |      20 |       0 |   0.0 |       7 |       0 |   0.0
            +---------+---------+-------+---------+---------+-------
